[Event "European Rapid Championship 2021"]
[Site "Katowice"]
[Date "2021.12.19"]
[Round "11.7"]
[White "Gumularz, Szymon"]
[Black "Bjerre, Jonas Buhl"]
[Result "0-1"]
[ECO "B52"]
[WhiteElo "2452"]
[BlackElo "2330"]
[Annotator "ChessBase"]
[PlyCount "84"]
[EventDate "2021.12.18"]
[EventType "swiss"]
[EventCountry "POL"]
[SourceTitle "playchess.com"]
[Source "ChessBase"]
[SourceQuality "1"]
[TimeControl "900+10"]

1. e4 c5 2. Nf3 d6 3. Bb5+ Bd7 4. Bxd7+ Nxd7 5. O-O Ngf6 6. Re1 e6 7. d4 cxd4 8. Nxd4 Qa5 9. b3 a6 10. Bb2 Be7 11. c4 Rc8 12. Nc3 O-O 13.
Qd2 Bd8 14. Rad1 Bc7 15. Kh1 Qh5 16. h3 Rfd8 17. Qe3 Ba5 18.
Nde2 Qh4 19. Kg1 Nc5 20. Ng3 b5 21. cxb5 axb5 22. Rd4 e5 23.
Rxd6 Rxd6 24. Nf5 Rd3 25. Nxh4 Rxe3 26. Rxe3 b4 27. Nd5 Nxd5 28. exd5 f6 29. Nf5 Kf8 30. g4 Rd8 31. Re2 Rxd5 32. Ne3 Rd8 33.
Rc2 Bb6 34. Nc4 Ba7 35. Bc1 Rd1+ 36. Kh2 Nd3 37. Be3 Ne1 38. Re2 Bb8 39. h4 Nf3+ 40. Kg2 e4 41. Bc5+ Kf7 42. Ne3 Nxh4+ 0-1

[Event "European Rapid Championship 2021"]
[Site "Katowice"]
[Date "2021.12.19"]
[Round "11.7"]
[White "Kacprzak, Karol"]
[Black "Balacek, Tadeas"]
[Result "1-0"]
[ECO "C12"]
[WhiteElo "2038"]
[BlackElo "2354"]
[Annotator "NA"]
[PlyCount "69"]
[EventDate "2021.12.18"]
[EventType "swiss"]
[EventCountry "POL"]
[SourceTitle "playchess.com"]
[Source "ChessBase"]
[SourceQuality "1"]
[TimeControl "900+10"]

1. e4 e6 2. d4 d5 3. Nc3 Nf6 4. Bg5 Bb4 5. e5 h6 6. Bc1 Ne4 7. Qg4 g6 8. Bd3 c5 9. dxc5 h5 10. Qf3 Qa5 11. Bxe4 dxe4 12. Qe3 Bd7 13. Nge2 Bxc5 14. Qf4 Nc6 15. Bd2 Be7 16. Nxe4 Qxe5 17. Qxe5 Nxe5 18. Bc3 f6 19. Nf4 Bc6 20. f3 Bxe4 21. fxe4 Bd6 22. O-O-O Nf7 23. Nxe6 Ke7 24. Nd4 Bf4+ 25. Kb1 Be5 26. Nb5 Rhd8 27. Bxe5 Nxe5 28. Nc7 Rxd1+ 29. Rxd1 Rc8 30. Nd5+ Ke6 31.
Rf1 Nd7 32. Nf4+ Ke5 33. Nxg6+ Kxe4 34. Re1+ Kd4 35. Rd1+ 1-0

[Event "European Rapid Championship 2021"]
[Site "Katowice"]
[Date "2021.12.19"]
[Round "11.8"]
[White "Sumets, Andrey"]
[Black "Kosakowski, Jakub"]
[Result "1/2-1/2"]
[ECO "E10"]
[WhiteElo "2508"]
[BlackElo "2438"]
[Annotator "ChessBase"]
[PlyCount "44"]
[EventDate "2021.12.18"]
[EventType "swiss"]
[EventCountry "POL"]
[SourceTitle "playchess.com"]
[Source "ChessBase"]
[SourceQuality "1"]
[TimeControl "900+10"]

1. d4 Nf6 2. c4 e6 3. Nf3 c5 4. d5 b5 5. dxe6 fxe6 6. cxb5 d5 7. g3 a6 8. bxa6 Bxa6 9. Bh3 Bc8 10. O-O Be7 11. Nbd2 O-O 12. e4 Nc6 13. Re1 Nxe4 14. Nxe4 dxe4 15. Nd2 Ne5 16. Bg2 Nd3 17. Rf1 Nxf2 18. Qe1 Qd4 19. Nb3 Nh3+ 20. Kh1 Rxf1+ 21. Qxf1 Nf2+ 22. Kg1 Nh3+ 1/2-1/2

[Event "European Rapid Championship 2021"]
[Site "Katowice"]
[Date "2021.12.19"]
[Round "11.8"]
[White "Malek, Jan"]
[Black "Wisniewski, Adrian"]
[Result "1-0"]
[ECO "C15"]
[WhiteElo "2029"]
[BlackElo "2351"]
[Annotator "NA"]
[PlyCount "59"]
[EventDate "2021.12.18"]
[EventType "swiss"]
[EventCountry "POL"]
[SourceTitle "playchess.com"]
[Source "ChessBase"]
[SourceQuality "1"]
[TimeControl "900+10"]

1. e4 e6 2. d4 d5 3. Nc3 Bb4 4. exd5 exd5 5. Bd3 Ne7 6. Nge2 Nbc6 7. O-O Bg4 8. a3 Bxc3 9. bxc3 Qd7 10.
Rb1 O-O-O 11. h3 Bh5 12. Qd2 Bg6 13. Nf4 Na5 14. Nxg6 hxg6 15. Qe2 Nf5 16. Rb5 Rhe8 17. Qf3 b6 18. Bg5 c6 19. Rxa5 bxa5 20.
Rb1 Kc7 21. c4 Rb8 22. Bf4+ Nd6 23. Rxb8 Kxb8 24. c5 Ka8 25. cxd6 g5 26. Bg3 f6 27. Bf5 Qd8 28. d7 Re1+ 29. Kh2 g6 30. Qc3 1-0

[Event "European Rapid Championship 2021"]
[Site "Katowice"]
[Date "2021.12.19"]
[Round "11.9"]
[White "Hasterok, Mateusz"]
[Black "Szwed, Jacek"]
[Result "1/2-1/2"]
[ECO "A43"]
[WhiteElo "2132"]
[BlackElo "2372"]
[Annotator "NA"]
[PlyCount "96"]
[EventDate "2021.12.18"]
[EventType "swiss"]
[EventCountry "POL"]
[SourceTitle "playchess.com"]
[Source "ChessBase"]
[SourceQuality "1"]
[TimeControl "900+10"]

1. d4 c5 2. d5 g6 3. c4 Bg7 4. Nc3 d6 5. e4 e6 6. Be3 exd5 7. cxd5 a6 8. a4 Ne7 9. Qd2 O-O 10. h4 h5 11. Nh3 Bxh3 12. Rxh3 Nd7 13. Be2 b5 14. axb5 axb5 15. Rxa8 Qxa8 16. Nxb5 Rb8 17. Bg5 Nc8 18. Ra3 Qb7 19. f3 Ne5 20. Qa5 c4 21. b3 Nd3+ 22.
Bxd3 cxd3 23. Nc3 Kh7 24. Bd2 Qe7 25. g3 Nb6 26. Qa7 Rb7 27.
Qa6 Rb8 28. Qxd3 Nd7 29. Ra7 Rxb3 30. Qc4 Ne5 31. Rxe7 Nxc4 32. Rxf7 Rb2 33. Bc1 Rc2 34. Ne2 Ne5 35. Rb7 Nxf3+ 36. Kd1 Ra2 37. Nc3 Rg2 38. Ne2 Kg8 39. Rb8+ Kh7 40. Rb3 Ne5 41. Rb7 Kg8 42. Bf4 Rf2 43. Ke1 Nd3+ 44. Kd2 Ne5 45. Rb8+ Kh7 46. Rb7 Kg8 47. Rb8+ Kh7 48. Rb7 Kg8 1/2-1/2

[Event "European Rapid Championship 2021"]
[Site "Katowice"]
[Date "2021.12.19"]
[Round "11.10"]
[White "Kulon, Klaudia"]
[Black "Krzywda, Andrzej"]
[Result "1/2-1/2"]
[ECO "A36"]
[WhiteElo "2328"]
[BlackElo "2123"]
[Annotator "NA"]
[PlyCount "79"]
[EventDate "2021.12.18"]
[EventType "swiss"]
[EventCountry "POL"]
[SourceTitle "playchess.com"]
[Source "ChessBase"]
[SourceQuality "1"]
[TimeControl "900+10"]

1. c4 c5 2. g3 g6 3. Bg2 Bg7 4. Nc3 Nc6 5. a3 d6 6. Rb1 a5 7. e3 e5 8. d3 Nge7 9. h3 O-O 10. Nge2 Rb8 11. O-O Be6 12. Nd5 b5 13. b3 Qd7 14. Kh2 bxc4 15. dxc4 a4 16. Bd2 axb3 17. Rxb3 Qa7 18. Nec3 Rxb3 19. Qxb3 Rb8 20. Nb5 Qd7 21. a4 e4 22. Bxe4 Bxh3 23. Rb1 Bf5 24. Nxe7+ Nxe7 25. Qd3 h5 26. Rd1 Bxe4 27. Qxe4 Re8 28. Be1 Nf5 29. Qd5 h4 30. gxh4 Be5+ 31. Kg1 Nxh4 32. Kf1 Qg4 33. Bc3 Nf3 34. a5 Nh2+ 35. Ke1 Nf3+ 36. Kf1 Nh2+ 37. Ke1 Nf3+ 38. Kf1 Nh2+ 39. Ke1 Bxc3+ 40. Nxc3
1/2-1/2

[Event "European Rapid Championship 2021"]
[Site "Katowice"]
[Date "2021.12.19"]
[Round "11.10"]
[White "Kowalski, Igor"]
[Black "Stefansson, Hannes"]
[Result "0-1"]
[ECO "A47"]
[WhiteElo "2295"]
[BlackElo "2519"]
[Annotator "ChessBase"]
[PlyCount "66"]
[EventDate "2021.12.18"]
[EventType "swiss"]
[EventCountry "POL"]
[SourceTitle "playchess.com"]
[Source "ChessBase"]
[SourceQuality "1"]
[TimeControl "900+10"]

1. d4 Nf6 2. Nf3 b6 3. g3 Bb7 4. Bg2 c5 5. dxc5 bxc5 6. O-O g6 7. b3 Bg7 8. Bb2 O-O 9. c4 d6 10. Nc3 Nbd7 11. Qc2 Qb6 12. Ne1 Bxg2 13. Nxg2 e6 14. Rad1 Rad8 15. Rd2 Qc6 16. Rfd1 Nb6 17. e4 Rd7 18. a4 Rfd8 19. Ne3 Na8 20. f4 Nc7 21. Kf2 Na6 22. g4 Nb4 23.
Qb1 Ne8 24. Ne2 Bxb2 25. Rxb2 d5 26. cxd5 exd5 27. exd5 Nxd5 28. Nc4 Nxf4 29. Rxd7 Qg2+ 30. Ke3 Rxd7 31. Kxf4 Qf2+ 32. Ke5 Nf6 33. Nd6 Re7# 0-1

[Event "European Rapid Championship 2021"]
[Site "Katowice"]
[Date "2021.12.19"]
[Round "11.11"]
[White "Fus, Jakub"]
[Black "Schneider, Ilja"]
[Result "1-0"]
[ECO "C41"]
[WhiteElo "2252"]
[BlackElo "2490"]
[Annotator "ChessBase"]
[PlyCount "73"]
[EventDate "2021.12.18"]
[EventType "swiss"]
[EventCountry "POL"]
[SourceTitle "playchess.com"]
[Source "ChessBase"]
[SourceQuality "1"]
[TimeControl "900+10"]

1. e4 e5 2. Nf3 d6 3. d4 exd4 4. Nxd4 Nf6 5. Nc3 Be7 6. Qf3 O-O 7. Bd3 Re8 8. O-O c6 9. h3 Bf8 10. Bg5 Nbd7 11. Qg3 Ne5 12. Rae1 Be7 13. Bc1 Bf8 14. Bg5 Be7 15. Qe3 h6 16. Bh4 Nfg4 17. Bxe7 Nxe3 18. Bxd8 Nxf1 19. Bc7 Nd2 20. f4 c5 21. fxe5 cxd4 22. Nd5 dxe5 23. Ba5 Be6 24. Bxd2 Rac8 25. c4 dxc3 26. Bxc3 f6 27. Bb5 Bxd5 28. Bxe8 Bxa2 29. Bg6 Bf7 30. Bxf7+ Kxf7 31. Rd1 Ke6 32. Kf2 Rc4 33. Ke3 b5 34. Ra1 b4 35. Ra6+ Kf7 36. Rxa7+ Kg6 37. Ra4 1-0

[Event "European Rapid Championship 2021"]
[Site "Katowice"]
[Date "2021.12.19"]
[Round "11.11"]
[White "Kos, Pawel"]
[Black "Lewtak, Dominik"]
[Result "1-0"]
[ECO "A05"]
[WhiteElo "2199"]
[BlackElo "2165"]
[Annotator "NA"]
[PlyCount "71"]
[EventDate "2021.12.18"]
[EventType "swiss"]
[EventCountry "POL"]
[SourceTitle "playchess.com"]
[Source "ChessBase"]
[SourceQuality "1"]
[TimeControl "900+10"]

1. Nf3 Nf6 2. g3 d5 3. Bg2 e6 4. O-O c5 5. d4 Nc6 6. a3 c4 7. b3 b5 8. a4 Ba6 9. axb5 Bxb5 10. Nc3 a6 11. Ne5 Nxe5 12. dxe5 Nd7 13. e4 cxb3 14. Nxb5 bxc2 15. Qxc2 axb5 16. Rxa8 Qxa8 17. exd5 exd5 18. Qb3 Qa4 19. Qxd5 Be7 20. Bb2 Nb8 21. Qb7 O-O 22. Qxe7 Qb3 23. Ba3 Rc8 24. Bh3 Nc6 25. Qd6 Rd8 26. Qxc6 Qxa3 27. Qxb5 h5 28. e6 h4 29. exf7+ Kxf7 30. Qh5+ Kg8 31. Qxh4 Qd3 32. Be6+ Kf8 33. Qf4+ Ke7 34. Qf7+ Kd6 35. Bg4 Kc5 36. Rd1 1-0

[Event "European Rapid Championship 2021"]
[Site "Katowice"]
[Date "2021.12.19"]
[Round "11.12"]
[White "Grabarczyk, Miroslaw"]
[Black "Vetoshko, Volodymyr"]
[Result "1-0"]
[ECO "D30"]
[WhiteElo "2373"]
[BlackElo "2483"]
[Annotator "ChessBase"]
[PlyCount "191"]
[EventDate "2021.12.18"]
[EventType "swiss"]
[EventCountry "POL"]
[SourceTitle "playchess.com"]
[Source "ChessBase"]
[SourceQuality "1"]
[TimeControl "900+10"]

1. d4 d5 2. c4 e6 3. Nf3 a6 4. cxd5 exd5 5. Nc3 Nf6 6. Bg5 Be6 7. e3 Nbd7 8. Bd3 Bd6 9. Bh4 h6 10. Bg3 Bxg3 11. hxg3 O-O 12. Qc2 Re8 13. a3 b6 14. b4 Bg4 15. O-O Bxf3 16. gxf3 c5 17. bxc5 bxc5 18. dxc5 Nxc5 19. Ne2 Ne6 20. Rac1 Qd6 21. Qc3 Ng5 22. Kg2 Qd7 23. Rh1 Rac8 24. Qb4 Rb8 25. Qf4 Rb3 26. Bf5 Ne6 27. Bxe6 fxe6 28. Qe5 Rb7 29. Nd4 Qf7 30. Rc6 Nd7 31. Qh5 Nb8 32. Rd6 a5 33. Qh3 Rbe7 34. Rb1 Qg6 35. Rbb6 Nd7 36. Rxe6 Rxe6 37. Rxe6 Rxe6 38. Qxe6+ Qxe6 39. Nxe6 Nb6 40. Nc5 Kf7 41. Kf1 Ke7 42. Ke2 a4 43. Kd3 Kd6 44. Kd4 Nc4 45. Nxa4 Nxa3 46. Nc3 Nc2+ 47. Kd3 Nb4+ 48. Kd2 Kc5 49. Ne2 Nc6 50. Kc3 Ne5 51. Nd4 g6 52. Kd2 Kd6 53. f4 Ng4 54. Ke2 Nf6 55. Nf3 Ke6 56. Nd4+ Kd6 57. Kf3 Ne4 58. Kg2 Nf6 59. Nf3 Ke6 60. Nd4+ Kd6 61. Kf3 Ne4 62. Kg2 Nf6 63. Kh3 Ne4 64. Kg2 Nf6 65. f3 Ke7 66. g4 Kd6 67. Kg3 Ke7 68. Nc6+ Ke6 69. Ne5 g5 70. Nc6 Ne8 71. Nd4+ Kf6 72. Nb5 Ke6 73. Kf2 gxf4 74. exf4 Kf6 75. Kg3 Ng7 76. Nd4 Kg6 77. f5+ Kf6 78. f4 Ne8 79. Kh4 Nd6 80. Kh5 Kg7 81. Ne6+ Kf6 82. Nd4 Kg7 83. g5 hxg5 84. fxg5 Ne4 85. Kg4 Nf2+ 86. Kg3 Ne4+ 87. Kf4 Kf7 88. Nf3 Kg7 89. Ke5 Ng3 90. Ke6 Ne4 91. Kxd5 Ng3 92. Ke5 Nh5 93. Nd4 Kf7 94. Ne6 Ke7 95. Nf4 Ng3 96. g6 1-0

[Event "European Rapid Championship 2021"]
[Site "Katowice"]
[Date "2021.12.19"]
[Round "11.12"]
[White "Jonsson, Gauti Pall"]
[Black "Danielyan, Vahe"]
[Result "0-1"]
[ECO "A04"]
[WhiteElo "2014"]
[BlackElo "2198"]
[Annotator "NA"]
[PlyCount "68"]
[EventDate "2021.12.18"]
[EventType "swiss"]
[EventCountry "POL"]
[SourceTitle "playchess.com"]
[Source "ChessBase"]
[SourceQuality "1"]
[TimeControl "900+10"]

1. Nf3 g6 2. e4 Bg7 3. d4 d6 4. Bc4 Nf6 5. Qe2 O-O 6. h3 c6 7. e5 Nd5 8. O-O Nd7 9. e6 fxe6 10. Qxe6+ Kh8 11. Qe2 N7f6 12. Bb3 Nh5 13. Bxd5 cxd5 14. Bg5 Rf7 15. Nc3 Qa5 16. Bxe7 Nf4 17. Qe3 Bxh3 18. Ng5 Rxe7 19. Qxe7 Bxg2 20. Rfe1 Rf8 21. Ne6 Nxe6 22. Rxe6 Bf3 23. Rxd6 Qb4 24. Re1 Qxd4 25. Ne4 Bxe4 26. Qh4 Bxc2 27. Qg3 Be4 28. Re6 Qxb2 29. Re7 Qf6 30. Rxb7 h5 31. Rxa7 h4 32. Qe3 Qf5 33. f3 Bxf3 34. Kh2 Be4 0-1

[Event "European Rapid Championship 2021"]
[Site "Katowice"]
[Date "2021.12.19"]
[Round "11.13"]
[White "Mis, Mieszko"]
[Black "Dragnev, Valentin"]
[Result "1-0"]
[ECO "D85"]
[WhiteElo "2237"]
[BlackElo "2409"]
[Annotator "NA"]
[PlyCount "75"]
[EventDate "2021.12.18"]
[EventType "swiss"]
[EventCountry "POL"]
[SourceTitle "playchess.com"]
[Source "ChessBase"]
[SourceQuality "1"]
[TimeControl "900+10"]

1. d4 Nf6 2. c4 g6 3. Nc3 d5 4. Nf3 Bg7 5. cxd5 Nxd5 6. e4 Nxc3 7. bxc3 c5 8.
Bb5+ Nd7 9. O-O O-O 10. Re1 a6 11. Bf1 b5 12. a4 cxd4 13.
cxd4 b4 14. a5 e5 15. d5 Rb8 16. Be3 Re8 17. Qb3 Bf8 18. Rec1 Nf6 19. Ba7 Ra8 20. Bb6 Qd7 21. Nd2 Qg4 22. f3 Qh5 23. Bf2 Bd7 24. Nc4 Bb5 25.
Nb6 Ra7 26. Bxb5 axb5 27. Bc5 Bxc5+ 28. Rxc5 Qg5 29. d6 Rf8 30. Rc7 Ra6 31. d7 Kg7 32.
Rd1 Rxa5 33. Qxb4 Qe3+ 34. Kh1 Raa8 35. Nxa8 Rxa8 36. Rc8 Ng4 37. Qf8+ Kf6 38. d8=Q+ 1-0

[Event "European Rapid Championship 2021"]
[Site "Katowice"]
[Date "2021.12.19"]
[Round "11.13"]
[White "Widelski, Kacper"]
[Black "Flasinski, Michal"]
[Result "0-1"]
[ECO "B14"]
[WhiteElo "1884"]
[BlackElo "2195"]
[Annotator "NA"]
[PlyCount "100"]
[EventDate "2021.12.18"]
[EventType "swiss"]
[EventCountry "POL"]
[SourceTitle "playchess.com"]
[Source "ChessBase"]
[SourceQuality "1"]
[TimeControl "900+10"]

1. e4 c6 2. d4 d5 3. exd5 cxd5 4. c4 Nf6 5. Nc3 e6 6. Nf3 Bb4 7. c5 O-O 8. Be2 b6 9. cxb6 Qxb6 10. O-O Ba6 11. a3 Bxc3 12. bxc3 Ne4 13. Bxa6 Qxa6 14. Bd2 Nd7 15. Ng5 Nxg5 16. Bxg5 Rfc8 17. Qf3 Rc4 18. Be7 Rac8 19. Bb4 Qa4 20. Qd1 Nb6 21. Bc5 Qxd1 22. Rfxd1 Na4 23. Bxa7 Nxc3 24. Rf1 Ra8 25. Bc5 Ne2+ 26. Kh1 Nxd4 27. Bxd4 Rxd4 28. Rfb1 g5 29. h3 Kg7 30. Kh2 h5 31. Rb7 Rda4 32. Rb3 R8a7 33. Kg3 f5 34. Kf3 Kf6 35. Ke3 f4+ 36. Ke2 Kf5 37. Kd2 g4 38. Ke2 e5 39. Kd2 e4 40. hxg4+ hxg4 41. Rh1 Kg5 42. Ra1 R7a5 43. Ke2 d4 44. Kd2 Kf5 45. Ke2 Ke5 46. Rh1 f3+ 47. gxf3 gxf3+ 48. Kd2 Rxa3 49. Rh5+ Kf4 50. Rh4+ Kf5 0-1

[Event "European Rapid Championship 2021"]
[Site "Katowice"]
[Date "2021.12.19"]
[Round "11.14"]
[White "Kjartansson, Gudmundur"]
[Black "Semjonovs, Ilja"]
[Result "0-1"]
[ECO "A20"]
[WhiteElo "2402"]
[BlackElo "2383"]
[Annotator "NA"]
[PlyCount "72"]
[EventDate "2021.12.18"]
[EventType "swiss"]
[EventCountry "POL"]
[SourceTitle "playchess.com"]
[Source "ChessBase"]
[SourceQuality "1"]
[TimeControl "900+10"]

1. c4 e5 2. d3 Nf6 3. Nf3 Nc6 4. a3 a5 5. b3 d6 6. e3 g6 7. Be2 Bg7 8. Bb2 O-O 9. O-O h6 10. Nc3 Be6 11. Rc1 Qe7 12. Re1 Rad8 13. e4 Qd7 14. Nd5 Ne7 15.
Nxf6+ Bxf6 16. Qd2 Bg7 17. Qxa5 c5 18. Nd2 Nc6 19. Qb6 Ra8 20.
b4 cxb4 21. axb4 Ra6 22. Qb5 Qc7 23. c5 Na7 24. Qxa6 bxa6 25. d4 exd4 26. Bxa6 dxc5 27. bxc5 Nc6 28. Bc4 Bxc4 29. Nxc4 Ne5 30. Nxe5 Bxe5 31. g3 d3 32. Bxe5 Qxe5 33. Red1 Qxe4 34. c6 Rc8 35. c7 Qe2 36. Re1 d2 0-1

[Event "European Rapid Championship 2021"]
[Site "Katowice"]
[Date "2021.12.19"]
[Round "11.14"]
[White "Sanz Wawer, Daniel"]
[Black "Rozman, Monika"]
[Result "1-0"]
[ECO "C95"]
[WhiteElo "2371"]
[BlackElo "1998"]
[Annotator "NA"]
[PlyCount "92"]
[EventDate "2021.12.18"]
[EventType "swiss"]
[EventCountry "POL"]
[SourceTitle "playchess.com"]
[Source "ChessBase"]
[SourceQuality "1"]
[TimeControl "900+10"]

1. e4 e5 2. Nf3 Nc6 3. Bb5 a6 4. Ba4 Nf6 5. O-O Be7 6. Re1 b5 7. Bb3 d6 8. c3 O-O 9. h3 Nb8 10. d4 Nbd7 11. Bc2 Bb7 12. Nbd2 Re8 13.
Nf1 Bf8 14. Ng3 g6 15. a4 Bg7 16. d5 Qb8 17. Be3 c6 18. dxc6 Bxc6 19. axb5 axb5 20. Qd2 Nc5 21. Rxa8 Bxa8 22. Bh6 Bc6 23. Bxg7 Kxg7 24. Nf5+ gxf5 25. Qg5+ Kf8 26. Qxf6 Qc7 27. Ng5 Kg8 28. exf5 Qe7 29. Qh6 f6 30. Ne4 Nxe4 31. Bxe4 d5 32. Bc2 Qg7 33. Qh4 Ra8 34. Re3 Kh8 35. Rg3 Qe7 36. Rg6 Rf8 37. Bb3 e4 38. Qh6 b4 39. Rg3 Ra8 40.
Qe3 Qd6 41. Qd4 bxc3 42. bxc3 Rb8 43. c4 Bd7 44. c5 Qe7 45.
Qxd5 Qf8 46. Qxd7 Qh6 1-0

[Event "European Rapid Championship 2021"]
[Site "Katowice"]
[Date "2021.12.19"]
[Round "11.15"]
[White "Keinanen, Toivo"]
[Black "Solys, Laimutis"]
[Result "1-0"]
[ECO "A13"]
[WhiteElo "2341"]
[BlackElo "2300"]
[Annotator "NA"]
[PlyCount "113"]
[EventDate "2021.12.18"]
[EventType "swiss"]
[EventCountry "POL"]
[SourceTitle "playchess.com"]
[Source "ChessBase"]
[SourceQuality "1"]
[TimeControl "900+10"]

1. c4 e6 2. g3 d5 3. Bg2 a6 4. Qb3 Nf6 5. d4 Nc6 6. Nf3 dxc4 7. Qxc4 Qd5 8.
Nbd2 Bd6 9. O-O O-O 10. Qd3 Qb5 11. Nc4 Nb4 12. Qb3 Nbd5 13.
Nfe5 Rd8 14. Bg5 Be7 15. Rfd1 h6 16. Bd2 Bd7 17. Nxd7 Nxd7 18. Rac1 Qxb3 19. axb3 c6 20. Na5 Ra7 21. e4 Nb4 22. Be3 c5 23.
dxc5 Nc6 24. Nc4 Raa8 25. Nd6 Rab8 26. f4 e5 27. Bf3 Bf6 28.
Kg2 Nf8 29. f5 Bg5 30. Kf2 Bxe3+ 31. Kxe3 Nd4 32. b4 Nd7 33. Bh5 Rf8 34. Rc3 g6 35. Bf3 Nc6 36. Rc4 Nf6 37. b5 axb5 38. Nxb5 gxf5 39. exf5 e4 40. Bxe4 Ne5 41. Rcd4 Rfe8 42. Nd6 Neg4+ 43. Kf4 Re7 44. b4 Nf2 45. Re1 Nh3+ 46. Ke3 Ra8 47. Kd2 Ra2+ 48. Kc3 Rxh2 49. Ra1 Ng5 50. Bxb7 Nd7 51. Kc4 Rb2 52. Ra8+ Kg7 53. Kb5 Re5 54. Ne8+ Kf8 55. Rxd7 Rxe8 56. Rxe8+ Kxe8 57. Bc6 1-0

[Event "European Rapid Championship 2021"]
[Site "Katowice"]
[Date "2021.12.19"]
[Round "11.15"]
[White "Mikhaletz, Lubomir"]
[Black "Lis, Mateusz"]
[Result "1-0"]
[ECO "B46"]
[WhiteElo "2166"]
[BlackElo "1983"]
[Annotator "NA"]
[PlyCount "85"]
[EventDate "2021.12.18"]
[EventType "swiss"]
[EventCountry "POL"]
[SourceTitle "playchess.com"]
[Source "ChessBase"]
[SourceQuality "1"]
[TimeControl "900+10"]

1. e4 c5 2. Nf3 Nc6 3. d4 cxd4 4. Nxd4 e6 5. Nc3 a6 6. Be3 Qc7 7. Qf3 Nf6 8. a3 Be7 9. Bd3 Ne5 10. Qh3 Nxd3+ 11. cxd3 d6 12. Qg3 g6 13. Rc1 Qd8 14. f4 Nxe4 15. Nxe4 Bh4 16. Nxd6+ Kf8 17. Nf3 Bxg3+ 18. hxg3 b6 19. Rc6 f6 20. Bxb6 Qd7 21. Rc7 Qxd6 22. Bc5 Qxc5 23. Rxc5 Ke7 24. Rc7+ Bd7 25. Kd2 Kd6 26. Rhc1 Rhb8 27. b4 a5 28. R7c4 axb4 29. Rd4+ Ke7 30. Rc7 Rd8 31. axb4 Ra2+ 32. Kc3 Ke8 33. g4 Ba4 34. Rxd8+ Kxd8 35. Rxh7 Rxg2 36. g5 fxg5 37. Nxg5 Bd7 38. Ne4 Rg1 39. Nc5 Bc8 40. b5 Rb1 41. Kc4 Rc1+ 42. Kb4 Rb1+ 43. Ka5 1-0

[Event "European Rapid Championship 2021"]
[Site "Katowice"]
[Date "2021.12.19"]
[Round "11.16"]
[White "Bogdanov, Ignat"]
[Black "Rudzinska, Michalina"]
[Result "1-0"]
[ECO "E38"]
[WhiteElo "2058"]
[BlackElo "1962"]
[Annotator "NA"]
[PlyCount "127"]
[EventDate "2021.12.18"]
[EventType "swiss"]
[EventCountry "POL"]
[SourceTitle "playchess.com"]
[Source "ChessBase"]
[SourceQuality "1"]
[TimeControl "900+10"]

1. d4 Nf6 2. c4 e6 3. Nc3 Bb4 4. Qc2 c5 5. e3 O-O 6. Nf3 cxd4 7. exd4 d5 8.
Bg5 Nbd7 9. Bd3 h6 10. Bh4 dxc4 11. Bxc4 Bxc3+ 12. bxc3 b6 13. O-O Bb7 14. Ne5 Qc7 15. Nxd7 Nxd7 16. Bd3 Rac8 17. Rac1 e5 18. Bg3 Qc6 19. f3 b5 20. Be4 Qb6 21. Bxb7 Qxb7 22. dxe5 Nb6 23. Qf2 Na4 24. Qe3 Qd5 25. f4 Qc5 26. Rf3 b4 27. Be1 Rfd8 28. Qxc5 Rxc5 29. c4 Rdc8 30. Bxb4 Rxc4 31. Rxc4 Rxc4 32. a3 Nb6 33. g3 Nd5 34. Bd6 a5 35. Rd3 Nc3 36. Kg2 Nb5 37. Rd5 Rc2+ 38. Kh3 Nc3 39. Rc5 Rc1 40. Kg4 a4 41. Kf5 g6+ 42. Kg4 h5+ 43. Kf3 Rf1+ 44. Kg2 Rc1 45. Rc8+ Kh7 46. Be7 Ne2 47. Rxc1 Nxc1 48. Kf3 Nb3 49. Ke3 Kg7 50. Kd3 Nc1+ 51. Kc4 Nb3 52. Kb4 Nd2 53. Kxa4 Nf1 54. Kb5 Nxh2 55. a4 Nf1 56. Bh4 g5 57. fxg5 Ne3 58. a5 Nd5 59. a6 Nc7+ 60.
Kb6 Nxa6 61. Kxa6 Kg6 62. Kb6 Kf5 63. Kc6 Kxe5 64. Kd7 1-0

[Event "European Rapid Championship 2021"]
[Site "Katowice"]
[Date "2021.12.19"]
[Round "11.16"]
[White "Kowalczyk, Mariusz"]
[Black "Kozak, Antoni"]
[Result "0-1"]
[ECO "A06"]
[WhiteElo "2047"]
[BlackElo "2356"]
[Annotator "NA"]
[PlyCount "66"]
[EventDate "2021.12.18"]
[EventType "swiss"]
[EventCountry "POL"]
[SourceTitle "playchess.com"]
[Source "ChessBase"]
[SourceQuality "1"]
[TimeControl "900+10"]

1. Nf3 d5 2. g3 Nf6 3. Bg2 Bf5 4. d4 c6 5. c4 e6 6. O-O Be7 7. Qb3 Qb6 8. Nc3 Nbd7 9. Bf4 h6 10. c5 Qa6 11. Ne5 Nxe5 12. Bxe5 O-O 13. Rfe1 b6 14. e4 dxe4 15. Nxe4 Bxe4 16. Bxe4 bxc5 17. dxc5 Nd7 18. Bc2 Nxe5 19. Rxe5 Rab8 20. Qf3 Bf6 21. Re2 Rxb2 22. Bd3 Qa5 23. Rxb2 Bxb2 24. Rb1 Bd4 25. Qe4 Rd8 26. Qh7+ Kf8 27. Rb7 Qe1+ 28. Kg2 Qxf2+ 29. Kh3 g6 30. Bxg6 Qf1+ 31. Kg4 f5+ 32. Kh4 Bf6+ 33. Kh5 Qh3# 0-1

[Event "European Rapid Championship 2021"]
[Site "Katowice"]
[Date "2021.12.19"]
[Round "11.17"]
[White "Batashevs, Arsens"]
[Black "Galuszka, Tomasz"]
[Result "1/2-1/2"]
[ECO "A06"]
[WhiteElo "2165"]
[BlackElo "1886"]
[Annotator "NA"]
[PlyCount "140"]
[EventDate "2021.12.18"]
[EventType "swiss"]
[EventCountry "POL"]
[SourceTitle "playchess.com"]
[Source "ChessBase"]
[SourceQuality "1"]
[TimeControl "900+10"]

1. Nf3 d5 2. c4 c6 3. e3 Nf6 4. b3 Bg4 5. Bb2 e6 6. Be2 Nbd7 7. d4 Bd6 8.
O-O O-O 9. Ne5 Bxe2 10. Qxe2 Qc7 11. f4 Ne4 12. Nxd7 Qxd7 13. Nd2 Nxd2 14. Qxd2 f5 15. Rac1 h6 16. b4 b5 17. cxb5 cxb5 18.
a3 Rfc8 19. Rc5 Bxc5 20. dxc5 a5 21. Rc1 axb4 22. axb4 Ra2 23. Qd4 Rc6 24. Rc2 Kh7 25.
h3 Qf7 26. Qd3 Rc7 27. Kh2 h5 28. Rd2 h4 29. g4 hxg3+ 30. Kxg3 Rca7 31. Kh2 Qg6 32. Qc3 Qf6 33. Qc1 Qh6 34. Rg2 Qh5 35. Qc3 Qf7 36. c6 Qf6 37. Qb3 Rxb2 38. Qxb2 Qxb2 39. Rxb2 Rc7 40. Rc2 Kg6 41. Kg3 Kf6 42. h4 g6 43. Rc5 Ke7 44. Rxb5 Rxc6 45. Rb7+ Kf6 46. b5 Rc3 47. Kf2 Rc2+ 48. Kf3 Rb2 49. b6 e5 50. Rb8 exf4 51. exf4 d4 52. b7 Kg7 53. Kg3 Kh7 54. h5 gxh5 55. Kh4 d3 56. Kxh5 d2 57. Rd8 Rxb7 58. Rxd2 Kg7 59. Kg5 Kf7 60. Rd5 Rb6 61. Rd7+ Ke6 62. Rh7 Rb5 63. Kg6 Rb1 64. Rh5 Rg1+ 65. Rg5 Rg4 66. Rxg4 fxg4 67. f5+ Ke5 68. f6 g3 69. f7 g2 70. f8=Q g1=Q+ 1/2-1/2